 Dungeon Crawl Stone Soup version 0.28.0-53-g5a82cb258f (webtiles) character file.

Game seed: 1478806704017647695

532 Sin92 the Chopper (level 7, 0/55 HPs)
             Began as a Demonspawn Fighter on July 5, 2022.
             Was an Initiate of Okawaru.
             Succumbed to a water moccasin's poison
             ... on level 4 of the Dungeon.
             The game lasted 00:06:31 (4186 turns).

Sin92 the Chopper (Demonspawn Fighter)              Turns: 4186, Time: 00:06:32

Health: 0/55       AC:  8    Str: 18    XL:     7   Next: 3%
Magic:  7/7        EV: 13    Int:  9    God:    Okawaru [......]
Gold:   225        SH:  5    Dex: 13    Spells: 6/6 levels left

rFire   . . .      SeeInvis .   a - +0 war axe
rCold   . . .      Faith    +   c - +0 buckler
rNeg    . . .      Spirit   .   b - +0 scale mail
rPois   .          Reflect  .   (no helmet)
rElec   .          Harm     .   r - +0 cloak
rCorr   +          Rampage  .   (no gloves)
Will    .....                   (no boots)
Stlth   ..........              f - amulet of faith
HPRegen 0.18/turn               d - +4 ring of evasion
MPRegen 0.10/turn               g - ring of resist corrosion

@: lethally poisoned (0 -> -12)
A: (demonic guardian 1), foul stench 2, demonic touch 1
a: Renounce Religion


You were on level 4 of the Dungeon.
You worshipped Okawaru.
Okawaru was noncommittal.
You visited 2 branches of the dungeon, and saw 6 of its levels.

You collected 225 gold pieces.

Inventory:

Hand Weapons
 a - a +0 war axe (weapon)
Armour
 b - a +0 scale mail (worn)
 c - a +0 buckler (worn)
 k - a +0 cloak
 r - a +0 cloak (worn)
Jewellery
 d - a +4 ring of evasion (left hand)
 e - an amulet of the acrobat
 f - an amulet of faith (around neck)
 g - a ring of resist corrosion (right hand)
 l - a ring of protection from cold
Wands
 m - a wand of flame (13)
Scrolls
 i - 2 scrolls of identify {unknown}
Potions
 p - a potion of might


   Skills:
 + Level 4.4 Fighting
 * Level 4.6 Axes
 + Level 4.0 Armour
 + Level 4.0 Shields


You had 6 spell levels left.
You didn't know any spells.
Your spell library was empty.

Dungeon Overview and Level Annotations

Branches:
Dungeon (5/15)             Temple (1/1) D:4

Altars:
Ashenzari
Cheibriados
Dithmenos
Elyvilon
Fedhas
Gozag
Hepliaklqana
Kikubaaqudgha
Makhleb
Nemelex Xobeh
Okawaru
Qazlal
Ru
Sif Muna
Trog
Uskayaw
Wu Jian
Xom
Yredelemnul
Zin
The Shining One


Innate Abilities, Weirdness & Mutations

((A weak demonic guardian rushes to your aid.))
You sometimes emit foul miasma when damaged in melee.
Your touch may inflict minor irresistible damage on your foes.


Message History

You hit the jelly.
Your hands burn!
You closely miss the water moccasin. The water moccasin bites you.
The jelly closely misses you. You block the orc's attack.
The water moccasin bites you but does no damage.
You block the jelly's attack. The orc closely misses you.
The orc hits you but does no damage.
You are poisoned.
You feel very sick. The orc wizard casts a spell at you.
The magic dart hits you.
* * * LOW HITPOINT WARNING * * *
The orc barely misses you.
There is an escape hatch in the ceiling here.
You feel sick. The water moccasin barely misses you.
The water moccasin bites you.
* * * LOW HITPOINT WARNING * * *
The orc closely misses you. A mysterious force pulls you upwards.
The hatch slams shut behind you.
The teleport trap disappears.
The orc disappears!
You feel very sick.
You feel better. The water moccasin closely misses you.
You hit the water moccasin.
The water moccasin is moderately wounded.
The water moccasin completely misses you.
The water moccasin bites you.
* * * LOW HITPOINT WARNING * * *
You barely miss the water moccasin.
The water moccasin is moderately wounded.
The water moccasin misses you. The water moccasin bites you.
* * * LOW HITPOINT WARNING * * *
You are lethally poisoned!
The water moccasin poisons you!
You miss the water moccasin.
The water moccasin is moderately wounded.
* * * LOW HITPOINT WARNING * * *
You feel very sick. The water moccasin closely misses you.
The water moccasin barely misses you.
You slash the water moccasin!
The water moccasin is heavily wounded.
You die...

#######.# ##.#.###.###.###.####
........# ###.# #.#.'.'>#.'.##
######### #.# #.#.#.###.##.# #.#
#...#.....#..# #.#
#######'####.# #.# #...#..# #.#
#....#[# #.# #.####.# #@# #.#
#.# #S# #.# ##.# #.# #.# #..#
##.### ###.###.## #######....#
#..)....# #########...##.....#
#.#.##..#
...................#####.#.##..#
.########.#.#.........##.#.##..#
.# #.#.#.........##.#.##..#


You could see a water moccasin.

Vanquished Creatures
  Eustachio (D:4)
  A sky beast (D:3)
  A scorpion (D:4)
  A water moccasin skeleton (D:4)
  A hound (D:4)
  Crazy Yiuf (D:4)
  Ijyb (D:3)
  An orc wizard (D:4)
  2 adders
  A worm (D:3)
  An adder skeleton (D:4)
  3 dart slugs
  3 orcs
  4 endoplasms
  4 giant cockroaches
  4 goblins
  4 hobgoblins
  2 quokkas (D:1)
  4 ball pythons
  6 bats
  2 kobolds
  3 rats (D:3)
51 creatures vanquished.

Notes
Turn   | Place    | Note
-------+----------+-------------------------------------------
     0 | D:1      | Sin92 the Demonspawn Fighter began the quest for the Orb.
     0 | D:1      | Reached XP level 1. HP: 18/18 MP: 1/1
   434 | D:1      | Gained mutation: You may rarely emit foul miasma when
                  | damaged in melee. [demonic ancestry]
   434 | D:1      | Reached XP level 2. HP: 2/24 MP: 2/2
   921 | D:1      | Found a faded altar of an unknown god.
  1275 | D:2      | You fall into a shaft and drop 2 floors!
  1285 | D:4      | Reached XP level 3. HP: 24/29 MP: 3/3
  1530 | D:3      | Noticed Ijyb
  1550 | D:3      | Killed Ijyb
  1551 | D:3      | Gained mutation: You sometimes emit foul miasma when
                  | damaged in melee. [demonic ancestry]
  1551 | D:3      | Reached XP level 4. HP: 11/35 MP: 4/4
  2059 | D:3      | Noticed a sky beast
  2073 | D:3      | HP: 1/35 [something (5)]
  2614 | D:3      | Killed a sky beast
  2615 | D:3      | Reached XP level 5. HP: 33/42 MP: 5/5
  2948 | D:4      | Gained mutation: Your touch may inflict minor irresistible
                  | damage on your foes. [demonic ancestry]
  2948 | D:4      | Reached XP level 6. HP: 48/48 MP: 6/6
  3321 | D:4      | Found a staircase to the Ecumenical Temple.
  3335 | D:4      | Noticed Eustachio
  3347 | D:4      | Killed Eustachio
  3369 | Temple   | Entered the Ecumenical Temple
  3812 | Temple   | Became a worshipper of Warmaster Okawaru
  3884 | D:4      | Found a runed translucent door.
  3885 | D:4      | Noticed Crazy Yiuf
  4069 | D:4      | Killed Crazy Yiuf
  4070 | D:4      | Gained mutation: A weak demonic guardian rushes to your
                  | aid. [demonic ancestry]
  4070 | D:4      | Reached XP level 7. HP: 55/55 MP: 7/7
  4157 | D:5      | Entered Level 5 of the Dungeon
  4186 | D:4      | Succumbed to a water moccasin's poison

Illustrated notes

Levels and vault maps discovered:
D:1:      scummos_arrival_hexagon, layout_basic,
          chequers_ecumenical_altar_lobes, minmay_cupped
D:2:      layout_loops_corners
D:3:      layout_basic, st_stairs_9, uniq_ijyb
D:4:      layout_loops_ring, minmay_temple_entry_glassed_door,
          uniq_crazy_yiuf_cottage, uniq_eustachio
D:5:      nicolae_cairo_tiling_large_dashed, layout_basic, gup_sewer_entry_pipe,
          uniq_prince_ribbit1, uniq_sigmund
Temple:   mainiacjoe_temple_trianglar_array

Skill      XL: |  1  2  3  4  5  6 |
---------------+-------------------+-----
Axes           | 2 3 4 |  4.6
Armour         | 3 4 |  4.0
Shields        | 3 4 |  4.0
Fighting       | 4 |  4.4

Action                   |  1- 3 |  4- 6 |  7- 9 || total
-------------------------+-------+-------+-------++-------
Melee: War axe           |    88 |    87 |     9 ||   184
  Use: Scroll            |     1 |     3 |     4 ||     8
       Potion            |     1 |     2 |     1 ||     4
Armor: Scale mail        |    61 |    30 |     4 ||    95
Dodge: Dodged            |    56 |    47 |    14 ||   117
Block: Buckler           |    29 |    21 |     5 ||    55
